Map: Nightscape LE

Players

Massa

  • Race: Terran Terran
  • League: Platinum
  • Spawn Location: 1:00

qqq

  • Race: Zerg Zerg
  • Spawn Location: 1:00

ElDelPLEIN

  • Race: Protoss Protoss
  • Spawn Location: 7:00

iNPlein

  • Race: Protoss Protoss
  • Spawn Location: 7:00

VOD

Have the link to the VOD?

Description

Time

  • Played on: March 24, 2021, 4:23 p.m.
  • Length: 7:04
Show
View Real Time Build Order
Export as new Build Order

Massa Terran 

Build Orders:  

Get SALT Encoding   

  12  0:00  SCV  
  13  0:12  SCV  
  14  0:21  Supply Depot  
  14  0:24  SCV  
  15  0:37  Refinery  
  15  0:43  SCV  
  15  0:45  Barracks  
  16  0:55  SCV  
  16  1:21  SCV  
  17  1:33  SCV  
  18  1:45  SCV  
  19  2:02  Factory  
  17  2:17  Reaper  
  11  3:30  Factory Tech Lab  
  11  4:13  Refinery  
  11  4:19  Supply Depot  
  11  4:27  SCV  
  11  4:39  SCV  
  11  4:42  Barracks  
  12  4:52  SCV  
  13  5:04  SCV  
  14  5:10  Refinery  
  14  5:16  SCV  
  15  5:28  SCV  
  15  5:33  Starport  
  16  5:39  Barracks Tech Lab  
  16  5:47  Orbital Command  
  16  5:57  Starport  
  16  6:16  SCV  
  17  6:19  Orbital Command  
  17  6:20  Barracks Tech Lab  
  20  6:26  Marine  
  16  6:44  Marine  
  16  6:51  SCV  
  14  6:59  Engineering Bay  
Show
View Real Time Build Order
Export as new Build Order

qqq Zerg 

Build Orders: Hatch First 

Get SALT Encoding   

  12  0:00  Drone  
  13  0:08  Drone  
  14  0:28  Overlord  
  14  0:51  Hatchery  
  13  1:06  Drone x2  
  13  1:07  Drone  
  16  1:29  Drone  
  16  1:30  Drone  
  16  2:07  Spawning Pool  
  15  2:31  Drone  
  15  2:34  Hatchery  
  15  2:35  Drone  
  14  2:54  Queen  
  14  2:55  Zergling x4  
  16  3:06  Zergling x2  
  16  3:10  Drone  
  18  3:18  Drone  
  19  3:29  Spine Crawler  
  18  3:40  Drone x2  
  19  3:56  Zergling x2  
  19  4:00  Drone x2  
  22  4:04  Zergling x2  
  23  4:14  Zergling x2  
  23  4:15  Queen  
  26  4:24  Zergling x2  
  26  4:26  Extractor  
  25  4:46  Drone x4, Extractor  
  24  5:09  Drone x4  
  26  5:23  Drone x2  
  26  5:27  Lair  
  28  5:31  Overlord  
  28  5:39  Overlord  
  28  6:06  Drone  
  29  6:15  Hatchery  
  28  6:21  Drone  
  28  6:23  Drone  
  30  6:33  Spire  
  30  6:38  Drone x2  
  31  6:51  Drone  
Show
View Real Time Build Order
Export as new Build Order

ElDelPLEIN Protoss 

Build Orders:  

Get SALT Encoding   

  12  0:00  Probe  
  13  0:14  Probe  
  14  0:22  Pylon  
  14  0:26  Probe  
  15  0:40  Probe, Forge  
  16  0:56  Pylon  
  16  1:00  Probe  
  17  1:17  Gateway  
  17  1:18  Photon Cannon  
  17  1:20  Pylon  
  17  1:40  Photon Cannon  
  17  1:41  Pylon  
  17  1:48  Pylon  
  17  1:54  Gateway  
  17  2:03  Zealot (Chrono Boost)  
  17  2:04  Probe  
  20  2:22  Zealot (Chrono Boost)  
  22  2:31  Pylon  
  22  2:33  Assimilator x2  
  26  2:51  Zealot x2 (Chrono Boost)  
  24  3:09  Cybernetics Core  
  24  3:13  Photon Cannon  
  24  3:27  Photon Cannon  
  24  3:29  Probe  
  25  3:41  Probe  
  26  3:53  Probe  
  31  3:56  Adept (Chrono Boost)  
  31  4:04  Adept (Chrono Boost)  
  31  4:12  Pylon  
  31  4:13  Pylon  
  31  4:15  Pylon  
  31  4:19  Robotics Facility  
  31  4:38  Probe  
  32  4:51  Probe  
  33  5:17  Immortal (Chrono Boost)  
  37  5:29  Robotics Bay  
  37  5:30  Shield Battery  
  37  5:31  Pylon  
  37  5:45  Nexus  
  37  5:58  Immortal (Chrono Boost)  
  41  6:22  Robotics Facility  
  41  6:55  Pylon  
  41  6:57  Assimilator  
  42  7:03  Nexus  
Show
View Real Time Build Order
Export as new Build Order

iNPlein Protoss 

Build Orders:  

Get SALT Encoding   

  12  0:00  Probe (Chrono Boost)  
  13  0:10  Probe (Chrono Boost)  
  14  0:15  Probe (Chrono Boost)  
  15  0:31  Pylon  
  15  0:49  Probe  
  16  0:58  Forge  
  16  1:01  Probe  
  17  1:11  Pylon  
  17  1:13  Probe  
  18  1:21  Pylon  
  18  1:38  Pylon  
  18  1:50  Photon Cannon  
  18  1:55  Pylon  
  18  1:57  Photon Cannon  
  18  2:02  Photon Cannon  
  18  2:03  Gateway  
  18  2:04  Pylon  
  18  2:06  Pylon  
  18  2:15  Photon Cannon  
  18  2:38  Pylon  
  18  2:39  Photon Cannon  
  18  2:50  Photon Cannon  
  18  3:11  Assimilator  
  18  3:15  Assimilator  
  18  3:18  Pylon  
  18  3:28  Nexus  
  18  3:49  Cybernetics Core  
  18  3:54  Probe (Chrono Boost)  
  19  4:01  Photon Cannon  
  20  4:04  Probe (Chrono Boost)  
  20  4:09  Probe (Chrono Boost)  
  21  4:20  Probe  
  22  4:28  Stargate  
  22  4:29  Photon Cannon  
  22  4:33  Probe (Chrono Boost)  
  23  4:45  Probe (Chrono Boost)  
  24  4:50  Probe (Chrono Boost)  
  26  4:53  Probe (Chrono Boost)  
  26  4:58  Probe (Chrono Boost)  
  28  5:01  Probe (Chrono Boost)  
  28  5:08  Pylon  
  28  5:12  Void Ray (Chrono Boost)  
  27  5:17  Assimilator  
  27  5:18  Probe  
  32  5:22  Assimilator  
  32  5:24  Stargate  
  32  5:31  Probe  
  32  5:34  Probe  
  34  5:42  Photon Cannon  
  34  5:43  Probe  
  34  5:48  Void Ray (Chrono Boost)  
  35  5:55  Probe  
  40  6:03  Probe  
  41  6:06  Void Ray (Chrono Boost)  
  41  6:07  Probe  
  42  6:15  Probe  
  47  6:19  Probe  
  48  6:27  Probe  
Tags
 
Add a new tag
Caveats
  • Supply blocks, unpowered buildings, or Contaminate may cause inaccurate times.
  • Supply counts are checked every 10 seconds.